 Dungeon Crawl Stone Soup version 0.26-a0-75-ga645b5fb18 (webtiles) character file.

Game seed: 5310539609567727690

0 Gargoyl the Skirmisher (level 1, 0/19 HPs)
             Began as a Centaur Abyssal Knight on June 15, 2020.
             Was a Follower of Lugonu.
             Slain by a flying skull (3 damage)
             ... on level 2 of the Abyss.
             The game lasted 00:00:37 (139 turns).

Gargoyl the Skirmisher (Centaur Abyssal Knight)      Turns: 139, Time: 00:00:37

Health: 0/19       AC:  4    Str: 14    XL:     1   Next: 0%
Magic:  2/2        EV: 14    Int: 11    God:    Lugonu [*.....]
Gold:   8          SH:  0    Dex:  8    Spells: 0/0 levels left

rFire    . . .     SeeInvis .   a - +1 hand axe
rCold    . . .     Gourm    .   (no shield)
rNeg     . . .     Faith    .   b - +0 leather armour
rPois    .         Spirit   .   (no helmet)
rElec    .         Reflect  .   (no cloak)
rCorr    .         Harm     .   (no gloves)
MR       .....                  (no barding)
Stlth    ..........             (no amulet)
HPRegen  0.06/turn              (no ring)
MPRegen  0.08/turn              (no ring)

@: agile, very quick
A: large, hooves 3, deformed body, speed 2, tough skin 3
a: Depart the Abyss, Renounce Religion


You were on level 2 of the Abyss.
You worshipped Lugonu.
Lugonu was aware of your devotion.
You were not hungry.

You visited 0 branches of the dungeon, and saw 0 of its levels.
You visited the Abyss 1 time.

You collected 8 gold pieces.

Inventory:

Hand Weapons
 a - a +1 hand axe (weapon)
Armour
 b - a +0 leather armour (worn)
Potions
 d - a potion of degeneration {unknown}
Comestibles
 c - 2 rations


   Skills:
 + Level 3.0 Fighting
 + Level 1.7 Axes
 + Level 1.3 Armour
 + Level 0.6 Dodging
 + Level 2.0 Invocations


You couldn't memorise any spells.
You didn't know any spells.
Your spell library was empty.

Dungeon Overview and Level Annotations

Branches:
Dungeon (0/15)

Altars:


Innate Abilities, Weirdness & Mutations

You have hooves in place of feet.
Armour fits poorly on your strangely shaped body.
You cover ground very quickly.
You have extremely tough skin. (AC +3)


Message History

The small abomination hits you.
A green very ugly thing comes into view.
Unknown command.
Found 24 stones.
An orange demon comes into view.
The orange demon screeches!
A glowing orange brain comes into view.
The glowing orange brain turns its attention towards you.
The flying skull hits you.
An apocalypse crab comes into view.
The flying skull hits you!
* * * LOW HITPOINT WARNING * * *
The apocalypse crab breathes chaos at you.
The blast of chaos misses you.
You are engulfed in seething chaos.
You feel agile all of a sudden.
The flying skull is engulfed in seething chaos.
The flying skull seems to grow stronger.
The flying skull hits you.
You die...

....#......#
##.##..#...#.#
#. #....##.##
# #####..#..#
##.#..... ##
#.#.#§.###
#.#§#§#
#.§§z#..#
#..#§@###.#
#.t.#§##§..#..
#..# ## #.##
## #. ## .


You could see a flying skull (strong).

Vanquished Creatures (others)
  A small abomination (Abyss:2)
1 creature vanquished.

Notes
Turn   | Place    | Note
-------+----------+-------------------------------------------
     0 | Abyss:1  | Gargoyl the Centaur Abyssal Knight began the quest for the
                  | Orb.
     0 | Abyss:1  | Reached XP level 1. HP: 19/19 MP: 2/2
    49 | Abyss:2  | Noticed a large abomination
    62 | Abyss:2  | Noticed a small abomination
    82 | Abyss:2  | Noticed a red draconian
    85 | Abyss:2  | Killed a small abomination
    98 | Abyss:2  | Noticed a small abomination
   100 | Abyss:2  | Noticed a green very ugly thing
   108 | Abyss:2  | Noticed an orange demon
   110 | Abyss:2  | Noticed a glowing orange brain
   125 | Abyss:2  | Noticed a flying skull
   137 | Abyss:2  | Noticed an apocalypse crab
   139 | Abyss:2  | Slain by a flying skull

Illustrated notes

Levels and vault maps discovered:
Abyss:2:  evilmike_abyss_exit_15

Action                   || total
-------------------------++-------
Melee: Hand axe          ||     1
  Use: Scroll            ||     1
Dodge: Dodged            ||     3

Table legend:
 A = Non-vault XP
 B = Vault XP
 C = Vault XP percentage of total XP
 D = Non-vault monster count
 E = Vault monster count
 F = Vault count percentage of total count
                 A         B        C        D         E       F
            +---------+---------+-------+---------+---------+-------
      Total |       0 |       0 |   N/A |       0 |       0 |  -nan
            +---------+---------+-------+---------+---------+-------
            +---------+---------+-------+---------+---------+-------
